 Dungeon Crawl Stone Soup version 0.24.0-13-gcf9b319 (webtiles) character file.

Game seed: 2608154630796567172, levelgen mode: deterministic

6460 Fang the Fighter (level 11, -5/71 HPs)
             Began as a Gargoyle Berserker on Nov 15, 2019.
             Was an Elder of Trog.
             Killed from afar by an oklob plant (7 damage)
             ... with a splash of acid
             ... on level 11 of the Dungeon.
             The game lasted 00:15:03 (10046 turns).

Fang the Fighter (Gargoyle Berserker)              Turns: 10046, Time: 00:15:04

Health: -5/71      AC: 21    Str: 23      XL:     11   Next: 0%
Magic:  11/11      EV:  9    Int: 11 (13) God:    Trog [****..]
Gold:   412        SH:  0    Dex:  9      Spells: 10/10 levels left

rFire    . . .     SeeInvis +   a - +3 war axe (vamp)
rCold    x . .     Gourm    +   (no shield)
rNeg     + . .     Faith    .   b - +1 plate armour
rPois    ∞         Spirit   .   x - +2 helmet
rElec    +         Reflect  .   (no cloak)
rCorr    .         Harm     .   F - +1 pair of gloves "Masufomu" {rC- Regen+ Int+4 SInv}
MR       ++...                  (no boots)
Stlth    ..........             B - amulet of the gourmand
HPRegen  1.61/turn              E - +2 ring of slaying
MPRegen  0.12/turn              j - ring of see invisible

@: corroded, regenerating
A: negative energy resistance 1, electricity resistance, unbreathing,
petrification resistance, rot immunity, AC +8
a: Berserk, Trog's Hand, Brothers in Arms, Renounce Religion


You were on level 11 of the Dungeon.
You worshipped Trog.
Trog was greatly pleased with you.
You were very full.

You visited 2 branches of the dungeon, and saw 12 of its levels.
You also visited: Ossuary.

You collected 412 gold pieces.

Inventory:

Hand Weapons
 a - a +3 vampiric war axe (weapon)
Armour
 b - a +1 plate armour (worn)
 x - a +2 helmet (worn)
 F - the +1 pair of gloves "Masufomu" (worn) {rC- Regen+ Int+4 SInv}
   (You found it on level 7 of the Dungeon)

   It affects your intelligence (+4).
   It makes you vulnerable to cold.
   It lets you see invisible.
   It increases your rate of regeneration.
Jewellery
 j - a ring of see invisible (right hand)
 B - an amulet of the gourmand (around neck)
 C - an uncursed ring of flight
 D - an uncursed ring of stealth
 E - a +2 ring of slaying (left hand)
 G - a +5 ring of intelligence
 O - a +3 ring of dexterity
 T - an uncursed ring of protection from fire
Wands
 m - a wand of clouds (7)
 y - a wand of flame (27)
 M - a wand of iceblast (10)
Scrolls
 d - 6 scrolls of remove curse
 h - 3 scrolls of teleportation
 k - 6 scrolls of identify
Potions
 f - a potion of invisibility
 i - 7 potions of might
 o - 8 potions of curing
 r - 2 potions of haste
 z - a potion of cancellation
 A - 3 potions of flight
 I - a potion of berserk rage
 K - 2 potions of mutation
 L - a potion of ambrosia
 R - a potion of heal wounds
Comestibles
 c - 22 rations
 g - 15 chunks of flesh


   Skills:
 + Level 9.5 Fighting
 + Level 8.0 Axes
 + Level 9.3 Armour
 + Level 7.0 Dodging


You had 10 spell levels left.
You didn't know any spells.
Your spell library was empty.

Dungeon Overview and Level Annotations

Branches:
Dungeon (11/15)            Temple (1/1) D:4            Lair (0/6) D:11
    Orc (0/2) D:11        Ossuary (visited)

Altars:
Ashenzari
Cheibriados
Dithmenos
Elyvilon
Fedhas
Gozag
Hepliaklqana
Kikubaaqudgha
Makhleb
Nemelex Xobeh
Okawaru
Qazlal
Ru
Sif Muna
Trog
Uskayaw
Vehumet
Wu Jian
Xom
Yredelemnul
Zin
The Shining One

Shops:
D:8 (   D:11 *

Annotations:
D:10 3 runed translucent doors, DrKleor's ghost, journeyman FoFi
D:11 exclusion: 2 oklob plants


Innate Abilities, Weirdness & Mutations

You are resistant to torment.
Your stone body is resilient. (AC +8)
You are immune to poison.
You resist negative energy. (rN+)
You are resistant to electric shocks. (rElec)
You can survive without breathing.
You are immune to petrification.
You are immune to rotting.


Message History

The splash of acid hits you but does no damage.
The acid corrodes you!
You are splashed with acid!
Marking area around 2 oklob plants as unsafe for travelling.
Found a staircase to the Lair.
The oklob plant spits acid at you. The splash of acid hits you!
You are splashed with acid!
The oklob plant spits acid at you. The splash of acid hits you!
The acid corrodes you!
You are splashed with acid!
* * * LOW HITPOINT WARNING * * *
Okay, then.
Your skin crawls.
You feel resistant to hostile enchantments.
The oklob plant spits acid at you. The splash of acid hits you.
* * * LOW HITPOINT WARNING * * *
The acid corrodes you!
You are splashed with acid!
* * * LOW HITPOINT WARNING * * *
The oklob plant spits acid at you. The splash of acid hits you!
You die...

.# ##... ##.#
#...####### .<.#
#..#...≈... ##.#
#....#...#
###########
#...##PP.##
#8......###.#..PPPPP.
#......(....#≈.PP>PP.
+..>.##.###.#..PPPPP.
#....##.# #.@.#
#8)[.##.##.....#
#####.#.##.##...#.$.≈
#(#
#...##.##....#####
##.# ###...........
...#####.#####...##
.........# #...#
#######..# #.... #
#....#


You could see 2 oklob plants.

Vanquished Creatures
  A two-headed ogre (D:10)
  Nergalle (D:10)
  A hippogriff (D:7)
  A spriggan (D:7)
  A hungry ghost (D:7)
  A soldier ant (D:11)
  A black bear (D:5)
  2 sky beasts
  An orc warrior (D:8)
  2 ice beasts
  5 ogres
  3 phantoms
  A crocodile (D:7)
  8 centaurs
  A big kobold (D:8)
  A bullfrog (D:7)
  5 killer bees (D:10)
  An electric eel (D:10)
  6 howler monkeys
  2 bullfrog zombies
  2 crimson imps
  4 quasits
  A centaur zombie (Ossuary)
  4 hounds
  A bullfrog skeleton (D:5)
  A human zombie (Ossuary)
  4 jellies
  6 orc wizards
  3 orc priests
  A centaur skeleton (D:5)
  5 iguanas
  Jessica (D:2)
  3 worker ants
  A big kobold zombie (Ossuary)
  A hound skeleton (D:6)
  3 mummies (Ossuary)
  A worker ant zombie (D:7)
  3 gnolls (D:3)
  12 adders
  4 shadow imps
  9 oozes
  An adder zombie (D:7)
  An adder skeleton (D:4)
  A worm (D:3)
  2 dart slugs
  3 leopard geckos
  26 orcs
  6 ball pythons
  5 giant cockroaches
  2 gnoll zombies (D:3)
  8 goblins
  7 hobgoblins
  10 jackals
  2 quokkas
  7 bats
  5 frilled lizards
  2 goblin zombies (Ossuary)
  15 kobolds
  A kobold zombie (Ossuary)
  2 orc zombies (Ossuary)
  10 rats
231 creatures vanquished.

Vanquished Creatures (collateral kills)
  Fannar (D:10)
1 creature vanquished.

Vanquished Creatures (others)
  An orc wizard (D:2)
  8 toadstools (D:2)
9 creatures vanquished.

Grand Total: 241 creatures vanquished

Notes
Turn   | Place    | Note
-------+----------+-------------------------------------------
     0 | D:1      | Fang the Gargoyle Berserker began the quest for the Orb.
     0 | D:1      | Reached XP level 1. HP: 14/14 MP: 1/1
   101 | D:1      | Reached XP level 2. HP: 13/19 MP: 2/2
   631 | D:2      | Reached XP level 3. HP: 23/23 MP: 3/3
   724 | D:2      | Reached ** piety under Trog
   807 | D:2      | Reached XP level 4. HP: 21/29 MP: 4/4
   848 | D:2      | Reached XP level 5. HP: 16/33 MP: 5/5
   933 | D:2      | Noticed Jessica
   951 | D:2      | Killed Jessica
  1186 | D:2      | Reached XP level 6. HP: 39/39 MP: 6/6
  1479 | D:3      | Reached *** piety under Trog
  1709 | D:3      | Reached skill level 5 in Fighting
  1777 | D:3      | Reached XP level 7. HP: 21/44 MP: 7/7
  2012 | D:3      | Found a shadowy altar of Dithmenos.
  2046 | D:3      | Found a basalt altar of Yredelemnul.
  2357 | D:3      | Found an ancient bone altar of Kikubaaqudgha.
  2622 | D:4      | Found a staircase to the Ecumenical Temple.
  2645 | Temple   | Entered the Ecumenical Temple
  3669 | D:4      | Reached skill level 5 in Armour
  3882 | D:5      | Entered Level 5 of the Dungeon
  3962 | D:5      | Reached XP level 8. HP: 47/51 MP: 8/8
  4365 | D:5      | Found a shimmering blue altar of Sif Muna.
  4445 | D:5      | Found an iron altar of Okawaru.
  4583 | D:5      | Reached skill level 5 in Axes
  4846 | D:5      | Found a blossoming altar of Fedhas.
  4847 | D:5      | Found a snail-covered altar of Cheibriados.
  5646 | D:6      | Found a stormy altar of Qazlal.
  5730 | D:6      | Found a hazy altar of Hepliaklqana.
  5915 | D:6      | Reached **** piety under Trog
  5918 | D:6      | Reached XP level 9. HP: 39/56 MP: 9/9
  6007 | D:6      | Reached skill level 5 in Dodging
  7064 | D:7      | Got a pair of ancient gloves
  7070 | D:7      | Identified the +1 pair of gloves "Masufomu" {rC- Regen+
                  | Int+4 SInv} (You found it on level 7 of the Dungeon)
  7276 | D:8      | Found a sand-covered staircase.
  7314 | Ossuary  | Entered an ossuary
  7362 | Ossuary  | Reached XP level 10. HP: 62/64 MP: 10/10
  7583 | D:8      | Found Qyibin's Weapon Boutique.
  7621 | D:8      | Found a blossoming altar of Fedhas.
  8429 | D:9      | Found a burning altar of Makhleb.
  8480 | D:9      | Found a sacrificial altar of Ru.
  8529 | D:9      | Found a radiant altar of Vehumet.
  8922 | D:9      | Found a shimmering altar of Xom.
  8969 | D:10     | Entered Level 10 of the Dungeon
  8969 | D:10     | Found a runed translucent gate.
  8969 | D:10     | Found a runed translucent gate.
  8969 | D:10     | Found a runed translucent gate.
  9022 | D:10     | Noticed DrKleor's ghost (journeyman FoFi)
  9136 | D:10     | Noticed Nergalle
  9147 | D:10     | Killed Nergalle
  9147 | D:10     | Reached ***** piety under Trog
  9150 | D:10     | Noticed a two-headed ogre
  9161 | D:10     | Killed a two-headed ogre
  9413 | D:10     | Noticed Fannar
  9437 | D:10     | HP: 2/66 [Fannar/refrigeration (28)]
  9442 | D:10     | Killed Fannar
  9593 | D:10     | Identified a scroll of acquirement
  9900 | D:11     | Found Uteawi's Assorted Antiques.
 10023 | D:11     | Found a staircase to the Orcish Mines.
 10031 | D:11     | Reached XP level 11. HP: 71/71 MP: 11/11
 10043 | D:11     | Found a staircase to the Lair.
 10043 | D:11     | Noticed an oklob plant
 10043 | D:11     | Noticed an oklob plant
 10046 | D:11     | HP: 2/71 [acid (12)]
 10046 | D:11     | Killed from afar by an oklob plant

Levels and vault maps discovered:
D:1:      dpeg_arrival_signposts, layout_rooms, minmay_shallow_snake_nest
D:2:      cheibrodos_fertilizer, layout_rooms, uniq_jessica
D:3:      layout_rooms, nicolae_overflow_hidden_temple, lemuel_doored_altar,
          lemuel_zombie_altar_yredelemnul
D:4:      layout_basic, minmay_temple_entry_wispy, serial_rivers,
          chequers_serial_rivers_small_a, chequers_serial_rivers_room_b,
          chequers_serial_rivers_room_a, chequers_serial_rivers_room_b,
          chequers_serial_rivers_small_b, chequers_serial_rivers_small_b,
          first_ration, minivault_19
D:5:      layout_layer_cave, nicolae_overflow_crystal_walls,
          chequers_temple_overflow_statue_of_worship, okawaru_gym_becter,
          minmay_crystal_room
D:6:      layout_gridville, lemuel_round_altar, lemuel_round_altar
D:7:      layout_loops_ring, grunt_ministairs_12, the_bakery,
          chequers_serial_rivers_small_b
D:8:      layout_loops_ring, serial_shops, nicolae_shop_trees,
          chequers_ossuary_entry_cave, basic_altar
D:9:      layout_gridville, fiery_altar_vehumet, old_standard_altar,
          kennysheep_little_box, hangedman_ru_absence
D:10:     layout_basic, gammafunk_ghost_spectres, minivault_4,
          kennysheep_another_room, uniq_fannar, uniq_nergalle
D:11:     layout_loops_ring, dpeg_oklobed_lair, minmay_orc_entry_temple_small,
          serial_shops, shop_statue, yredelemnul_altar_generic
Temple:   dpeg_three_leaves_temple

Skill      XL: |  1  2  3  4  5  6  7  8  9 10 |
---------------+-------------------------------+-----
Axes           | 3 4 5 6 8 |  8.0
Dodging        | 2 3 4 5 7 |  7.0
Armour         | 3 4 5 6 7 9 |  9.3
Fighting       | 4 5 6 8 9 |  9.5

Action                   |  1- 3 |  4- 6 |  7- 9 | 10-12 || total
-------------------------+-------+-------+-------+-------++-------
Melee: Hand axe          |   102 |   166 |   154 |       ||   422
       War axe           |       |       |   401 |   226 ||   627
Invok: Berserk           |     1 |     3 |     6 |     3 ||    13
       Trog's Hand       |       |       |     1 |     3 ||     4
       Brothers in Arms  |       |       |       |     1 ||     1
  Use: Scroll            |       |       |     2 |    26 ||    28
       Potion            |       |       |       |     4 ||     4
 Stab: Sleeping          |       |     1 |       |       ||     1
  Eat: Chunk             |       |     6 |    38 |    13 ||    57
       Ration            |       |       |     1 |       ||     1
Armor: Animal skin       |    48 |    93 |    32 |       ||   173
       Chain mail        |       |       |   359 |    57 ||   416
       Plate armour      |       |       |       |   114 ||   114
Dodge: Dodged            |    65 |   171 |   349 |   124 ||   709
